 Dungeon Crawl Stone Soup version 0.23.1 (webtiles) character file.

Game seed: 16348363291417984398

39 night the Caller (level 3, 0/19 HPs)
             Began as a Gargoyle Summoner on Mar 16, 2019.
             Slain by an adder (4 damage)
             ... on level 2 of the Dungeon.
             The game lasted 00:04:07 (1630 turns).

night the Caller (Gargoyle Summoner)                Turns: 1630, Time: 00:04:08

Health: 0/19       AC:  5    Str: 11    XL:     3   Next: 45%
Magic:  5/7        EV: 12    Int: 16    God:
Gold:   85         SH:  0    Dex: 10    Spells: 4/7 levels left

rFire    . . .     SeeInvis .   d - +0 short sword
rCold    + . .     Gourm    .   (no shield)
rNeg     + . .     Faith    .   a - +0 robe
rPois    ∞         Spirit   .   (no helmet)
rElec    +         Reflect  .   (no cloak)
rCorr    .         Harm     .   (no gloves)
MR       .....                  (no boots)
Stlth    +++.......             (no amulet)
HPRegen  0.06/turn              h - ring of stealth
MPRegen  0.10/turn              f - ring of protection from cold

@: no status effects
A: negative energy resistance 1, electricity resistance, unbreathing,
petrification resistance, rot immunity, AC +3
a: no special abilities


You were on level 2 of the Dungeon.
You were not hungry.

You visited 1 branch of the dungeon, and saw 2 of its levels.

You collected 85 gold pieces.

Inventory:

Hand Weapons
 d - a +0 short sword (weapon)
Missiles
 b - 46 stones (quivered)
Armour
 a - a +0 robe (worn)
Jewellery
 f - a ring of protection from cold (right hand)
 h - a ring of stealth (left hand)
Scrolls
 e - a scroll of enchant armour {unknown}
 g - 2 scrolls of enchant weapon {unknown}
Comestibles
 c - a ration
 i - 3 chunks of flesh


   Skills:
 - Level 1.5 Dodging
 - Level 2.1 Stealth
 + Level 2.8 Spellcasting
 + Level 4.1 Summonings


You had 4 spell levels left.
You knew the following spells:

 Your Spells              Type           Power        Failure   Level  Hunger
a - Summon Small Mammal   Summ           ###.         3%          1    #......
b - Call Imp              Summ           ###.....     5%          2    ##.....

Your spell library contained the following spells:

 Spells                   Type           Power        Failure   Level  Hunger
 Call Canine Familiar     Summ           ###.....     11%         3    ###....
 Summon Guardian Golem    Hex/Summ       #.......     24%         3    ###....
 Summon Ice Beast         Ice/Summ       #.......     63%         4    #####..
 Summon Lightning Spire   Summ/Air       #.......     63%         4    #####..


Dungeon Overview and Level Annotations

Branches:
Dungeon (2/15)

Altars:


Innate Abilities, Weirdness & Mutations

You are resistant to torment.
Your stone body is resilient. (AC +3)
You are immune to poison.
You resist negative energy. (rN+)
You are resistant to electric shocks. (rElec)
You can survive without breathing.
You are immune to petrification.
You are immune to rotting.


Message History

The adder closely misses you. The ooze hits you.
You hit the ooze.
The ooze is almost dead.
The adder barely misses you. The ooze hits you.
Your crimson imp hits the adder.
The adder bites you.
You are too injured to fight recklessly!
You are too injured to fight recklessly!
You hit the adder.
The adder is heavily wounded.
The adder bites you but does no damage. The ooze closely misses you.
Your crimson imp barely misses the adder.
You closely miss the adder.
The adder is heavily wounded.
The adder bites you.
* * * LOW HITPOINT WARNING * * *
The ooze hits you but does no damage.
Your crimson imp hits the adder.
Your crimson imp hits the ooze.
The ooze dies!
The adder bites you.
You die...

#########...##. ....###
#...........### .......
#...).........+ .......
#........######
.......###........######
........................
.#......................
.......5................
.....5S@..........######
........#.........# #
.....$..#.....##### #
........#.....# #
...(.?..#.....# ########
.....%..#.....# #.......
........####### #.######
........# #.#.....
#.#.####


You could see an adder and 2 friendly crimson imps.

Vanquished Creatures
  An ooze (D:1)
  3 bats (D:1)
  2 giant cockroaches (D:1)
  3 hobgoblins (D:1)
  2 frilled lizards (D:1)
  5 kobolds
16 creatures vanquished.

Vanquished Creatures (collateral kills)
  An adder (D:2)
  An ooze (D:2)
  3 bats
  2 frilled lizards
  5 goblins
  A kobold (D:1)
  A rat (D:1)
14 creatures vanquished.

Grand Total: 30 creatures vanquished

Notes
Turn   | Place    | Note
-------+----------+-------------------------------------------
     0 | D:1      | night the Gargoyle Summoner began the quest for the Orb.
     0 | D:1      | Reached XP level 1. HP: 10/10 MP: 3/3
   625 | D:1      | Reached XP level 2. HP: 8/15 MP: 3/5
   755 | D:1      | Learned a level 2 spell: Call Imp
  1023 | D:1      | Reached skill level 4 in Summonings
  1271 | D:1      | Reached XP level 3. HP: 17/19 MP: 6/6
  1630 | D:2      | Slain by an adder

Skill      XL: |  1  2 |
---------------+-------+-----
Summonings     | 4 |  4.1
Dodging        | |  1.5
Stealth        | |  2.1
Spellcasting   | |  2.8

Action                   || total
-------------------------++-------
Melee: Short sword       ||    84
       Unarmed           ||    18
 Cast: Summon Small Mamm ||    17
       Call Imp          ||     4
 Stab: Sleeping          ||     2
  Eat: Chunk             ||     3
Armor: Robe              ||    55
Dodge: Dodged            ||   103
